TOP OF THE 1ST |
San Jose Giants batting - Pitching for Springfield Cardinals : RHP Bill Tulk
|
Pitching: RHP Bill Tulk
|
|
Batting: LHB Cesar Arteaga
|
0-0: Foul Ball, location: 2F 0-1: Foul Ball, location: 2F 0-2: Ball 1-2: Ball 2-2: Ball 3-2: Foul Ball, location: 2F 3-2: Foul Ball, location: 2F 3-2: Ground out 4-3 (Groundball, 4, EV 88.1 MPH)
|
Batting: RHB Dave Crouch
|
0-0: Ball 1-0: Swinging Strike 1-1: Ball 2-1: Fly out, F8 (Flyball, 8RM, EV 83.8 MPH)
|
Batting: LHB Willie Ceniceros
|
0-0: Called Strike 0-1: Ball 1-1: Called Strike 1-2: Strikes out swinging
|
Top of the 1st over - 0 runs, 0 hits, 0 errors, 0 left on base; San Jose 0 - Springfield 0 |
BOTTOM OF THE 1ST |
Springfield Cardinals batting - Pitching for San Jose Giants : RHP Tong Huang
|
Pitching: RHP Tong Huang
|
|
Batting: RHB John Parra
|
0-0: Swinging Strike 0-1: Foul Ball, location: 2F 0-2: Strikes out swinging
|
Batting: LHB Adam Eisen
|
0-0: Ground out 6-3 (Groundball, 6, EV 78.8 MPH)
|
Batting: LHB Ronnie Ashley
|
0-0: Called Strike 0-1: DOUBLE (Flyball, 89XD, EV 94.4 MPH)
|
Batting: RHB Joe Alley
|
0-0: Called Strike 0-1: Ball 1-1: Called Strike 1-2: Strikes out swinging, 2-3 out at first.
|
Bottom of the 1st over - 0 runs, 1 hit, 0 errors, 1 left on base; San Jose 0 - Springfield 0 |
TOP OF THE 2ND |
San Jose Giants batting - Pitching for Springfield Cardinals : RHP Bill Tulk
|
Batting: LHB Tony Galvan
|
0-0: Ball 1-0: Foul Ball, location: 2F 1-1: Ball 2-1: SINGLE (Line Drive, 6M, EV 110.0 MPH)
|
Batting: RHB Adam Solesbee
|
0-0: Ball 1-0: Grounds into double play, 6-4-3 (Groundball, 6, EV 88.8 MPH)
|
Batting: RHB Yutaka Oki
|
0-0: Ball 1-0: Ball 2-0: Foul Ball, location: 2F 2-1: Ball 3-1: Fly out, F8 (Flyball, 78XD, EV 106.9 MPH)
|
Top of the 2nd over - 0 runs, 1 hit, 0 errors, 0 left on base; San Jose 0 - Springfield 0 |
BOTTOM OF THE 2ND |
Springfield Cardinals batting - Pitching for San Jose Giants : RHP Tong Huang
|
Batting: RHB Tyler Walker
|
0-0: Foul Ball, location: 2F 0-1: Called Strike 0-2: Foul Ball, location: 2F 0-2: Foul Ball, location: 2F 0-2: Ball 1-2: Ball 2-2: Foul Ball, location: 2F 2-2: Foul Ball, location: 2F 2-2: Ball 3-2: Foul Ball, location: 2F 3-2: Fly out, F7 (Flyball, 7, EV 90.6 MPH)
|
Batting: RHB Justin Reich
|
0-0: Foul Ball, location: 2F 0-1: Foul Ball, location: 2F 0-2: Ground out 6-3 (Groundball, 6S, EV 86.9 MPH)
|
Batting: RHB Immel Kamuzu
|
0-0: Ball 1-0: Ball 2-0: Ball 3-0: Called Strike 3-1: Foul Ball, location: 2F 3-2: Foul Ball, location: 2F 3-2: Strikes out swinging
|
Bottom of the 2nd over - 0 runs, 0 hits, 0 errors, 0 left on base; San Jose 0 - Springfield 0 |
TOP OF THE 3RD |
San Jose Giants batting - Pitching for Springfield Cardinals : RHP Bill Tulk
|
Batting: RHB Justin Baldwin
|
0-0: Foul Ball, location: 2F 0-1: Ball 1-1: Ball 2-1: Foul Ball, location: 2F 2-2: Ball 3-2: Strikes out looking
|
Batting: RHB Dinand Brouwer
|
0-0: Ground out 5-3 (Groundball, 56S, EV 65.6 MPH)
|
Batting: LHB Pong-keun Koh
|
0-0: Called Strike 0-1: Ball 1-1: Ball 2-1: Ball 3-1: Swinging Strike 3-2: Strikes out looking
|
Top of the 3rd over - 0 runs, 0 hits, 0 errors, 0 left on base; San Jose 0 - Springfield 0 |
BOTTOM OF THE 3RD |
Springfield Cardinals batting - Pitching for San Jose Giants : RHP Tong Huang
|
Batting: RHB Tommy Tracy
|
0-0: Ball 1-0: Called Strike 1-1: SOLO HOME RUN (Flyball, 9LD, EV 93.1 MPH), Distance : 349 ft
|
Batting: RHB Josh Broome
|
0-0: Ball 1-0: Fly out, F6 (Line Drive, 6, EV 70.6 MPH)
|
Batting: RHB John Parra
|
0-0: Called Strike 0-1: Foul Ball, location: 2F 0-2: Foul Ball, location: 2F 0-2: Ball 1-2: Ball 2-2: Strikes out swinging
|
Batting: LHB Adam Eisen
|
0-0: Called Strike 0-1: Ball 1-1: Ball 2-1: Ball 3-1: Swinging Strike 3-2: Fly out, F7 (Line Drive, 78S, EV 93.8 MPH)
|
Bottom of the 3rd over - 1 run, 1 hit, 0 errors, 0 left on base; San Jose 0 - Springfield 1 |
TOP OF THE 4TH |
San Jose Giants batting - Pitching for Springfield Cardinals : RHP Bill Tulk
|
Batting: LHB Cesar Arteaga
|
0-0: Called Strike 0-1: Ball 1-1: Called Strike 1-2: Ground out 5-3 (Groundball, 56, EV 87.5 MPH)
|
Batting: RHB Dave Crouch
|
0-0: Called Strike 0-1: Ball 1-1: Fly out, F9 (Line Drive, 9D, EV 99.4 MPH)
|
Batting: LHB Willie Ceniceros
|
0-0: Fly out, F4 (Line Drive, 34D, EV 85.0 MPH)
|
Top of the 4th over - 0 runs, 0 hits, 0 errors, 0 left on base; San Jose 0 - Springfield 1 |
BOTTOM OF THE 4TH |
Springfield Cardinals batting - Pitching for San Jose Giants : RHP Tong Huang
|
Batting: LHB Ronnie Ashley
|
0-0: Ball 1-0: Ball 2-0: Ground out 4-3 (Groundball, 4, EV 78.8 MPH)
|
Batting: RHB Joe Alley
|
0-0: Foul Ball, location: 2F 0-1: Swinging Strike 0-2: Foul Ball, location: 2F 0-2: Foul Ball, location: 2F 0-2: SINGLE (Groundball, 34D, EV 98.1 MPH)
|
Batting: RHB Tyler Walker
|
0-0: SINGLE (Groundball, 5S, EV 71.2 MPH) (infield hit) Joe Alley to second
|
Batting: RHB Justin Reich
|
0-0: Foul Ball, location: 2F 0-1: Grounds into double play, 4-6-3 (Groundball, 34, EV 93.1 MPH)
|
Bottom of the 4th over - 0 runs, 2 hits, 0 errors, 1 left on base; San Jose 0 - Springfield 1 |
TOP OF THE 5TH |
San Jose Giants batting - Pitching for Springfield Cardinals : RHP Bill Tulk
|
Batting: LHB Tony Galvan
|
0-0: Ground out 4-3 (Groundball, 4D, EV 100.0 MPH)
|
Batting: RHB Adam Solesbee
|
0-0: Ball 1-0: Fly out, F8 (Line Drive, 8RD, EV 93.1 MPH)
|
Batting: RHB Yutaka Oki
|
0-0: SOLO HOME RUN (Flyball, 78XD, EV 97.5 MPH), Distance : 392 ft
|
Batting: RHB Justin Baldwin
|
0-0: Swinging Strike 0-1: Ball 1-1: Ball 2-1: Foul Ball, location: 2F 2-2: Ground out U3 (Groundball, 34S, EV 85.6 MPH)
|
Top of the 5th over - 1 run, 1 hit, 0 errors, 0 left on base; San Jose 1 - Springfield 1 |
BOTTOM OF THE 5TH |
Springfield Cardinals batting - Pitching for San Jose Giants : RHP Tong Huang
|
Batting: RHB Immel Kamuzu
|
0-0: Ball 1-0: Ball 2-0: Called Strike 2-1: Ground out 1-3 (Groundball, 13S, EV 65.0 MPH)
|
Batting: RHB Tommy Tracy
|
0-0: Ball 1-0: Foul Ball, location: 2F 1-1: Ground out 6-3 (Groundball, 6D, EV 104.4 MPH)
|
Batting: RHB Josh Broome
|
0-0: Ball 1-0: Ground out 6-3 (Groundball, 6, EV 76.9 MPH)
|
Bottom of the 5th over - 0 runs, 0 hits, 0 errors, 0 left on base; San Jose 1 - Springfield 1 |
TOP OF THE 6TH |
San Jose Giants batting - Pitching for Springfield Cardinals : RHP Bill Tulk
|
Batting: RHB Dinand Brouwer
|
0-0: Fly out, F7 (Flyball, 7D, EV 100.0 MPH)
|
Batting: LHB Pong-keun Koh
|
0-0: Ground out 4-3 (Groundball, 4D, EV 101.9 MPH)
|
Batting: LHB Cesar Arteaga
|
0-0: Ball 1-0: Called Strike 1-1: Fly out, F9 (Flyball, 89D, EV 94.4 MPH)
|
Top of the 6th over - 0 runs, 0 hits, 0 errors, 0 left on base; San Jose 1 - Springfield 1 |
BOTTOM OF THE 6TH |
Springfield Cardinals batting - Pitching for San Jose Giants : RHP Tong Huang
|
Batting: RHB John Parra
|
0-0: Called Strike 0-1: Ball 1-1: Ball 2-1: Foul Ball, location: 2F 2-2: Ground out U3 (Groundball, 34S, EV 88.1 MPH)
|
Batting: LHB Adam Eisen
|
0-0: Ball 1-0: Called Strike 1-1: Called Strike 1-2: Foul Ball, location: 2F 1-2: Ball 2-2: Foul Ball, location: 2F 2-2: Strikes out swinging
|
Batting: LHB Ronnie Ashley
|
0-0: Ball 1-0: Ball 2-0: Ball 3-0: Base on Balls
|
Batting: RHB Joe Alley
|
0-0: Swinging Strike 0-1: Ball 1-1: Foul Ball, location: 2F 1-2: SINGLE (Groundball, 4D, EV 105.6 MPH) Ronnie Ashley to second
|
Batting: RHB Tyler Walker
|
0-0: Ground out 5-3 (Groundball, 56S, EV 81.2 MPH)
|
Bottom of the 6th over - 0 runs, 1 hit, 0 errors, 2 left on base; San Jose 1 - Springfield 1 |
TOP OF THE 7TH |
San Jose Giants batting - Pitching for Springfield Cardinals : RHP Bill Tulk
|
Pinch Hitting: LHB Josh Straub
|
0-0: Called Strike 0-1: Ball 1-1: Foul Ball, location: 2F 1-2: Foul Ball, location: 2F 1-2: Ground out 6-3 (Groundball, 6M, EV 100.0 MPH)
|
Batting: LHB Willie Ceniceros
|
0-0: Ball 1-0: Ground out 4-3 (Groundball, 4, EV 86.9 MPH)
|
Batting: LHB Tony Galvan
|
0-0: Ball 1-0: Called Strike 1-1: Fly out, F8 (Flyball, 8RXD, EV 96.9 MPH)
|
Top of the 7th over - 0 runs, 0 hits, 0 errors, 0 left on base; San Jose 1 - Springfield 1 |
BOTTOM OF THE 7TH |
Springfield Cardinals batting - Pitching for San Jose Giants : RHP Tong Huang
|
Now in LF: Jared Paige
|
|
Now in RF: Tony Galvan
|
|
Batting: RHB Justin Reich
|
0-0: Ball 1-0: Swinging Strike 1-1: Ball 2-1: Fly out, F8 (Flyball, 89D, EV 91.9 MPH)
|
Batting: RHB Immel Kamuzu
|
0-0: Ball 1-0: Called Strike 1-1: Foul Ball, location: 2F 1-2: Foul Ball, location: 2F 1-2: Ball 2-2: Ball 3-2: Base on Balls
|
Pitching: LHP Gael Greene
|
|
Batting: RHB Tommy Tracy
|
0-0: Foul Ball, location: 2F 0-1: Grounds into double play, 4-6-3 (Groundball, 4MD, EV 83.8 MPH)
|
Bottom of the 7th over - 0 runs, 0 hits, 0 errors, 0 left on base; San Jose 1 - Springfield 1 |
TOP OF THE 8TH |
San Jose Giants batting - Pitching for Springfield Cardinals : RHP Bill Tulk
|
Batting: RHB Adam Solesbee
|
0-0: Ball 1-0: Ball 2-0: Ball 3-0: Called Strike 3-1: Ground out 6-3 (Groundball, 6M, EV 81.2 MPH)
|
Batting: RHB Yutaka Oki
|
0-0: Ground out 2-3 (Groundball, 15S, EV 66.2 MPH)
|
Batting: RHB Justin Baldwin
|
0-0: Ball 1-0: Fly out, F9 (Line Drive, 9D, EV 104.4 MPH)
|
Top of the 8th over - 0 runs, 0 hits, 0 errors, 0 left on base; San Jose 1 - Springfield 1 |
BOTTOM OF THE 8TH |
Springfield Cardinals batting - Pitching for San Jose Giants : LHP Gael Greene
|
Batting: RHB Josh Broome
|
0-0: Ground out 5-3 (Groundball, 56, EV 104.4 MPH)
|
Batting: RHB John Parra
|
0-0: Ball 1-0: Ball 2-0: Foul Ball, location: 2F 2-1: Swinging Strike 2-2: Fly out, F8 (Flyball, 8LM, EV 90.6 MPH)
|
Pinch Hitting: RHB Fortunato Fteira
|
0-0: Ball 1-0: Ground out 5-3 (Groundball, 56, EV 79.4 MPH)
|
Bottom of the 8th over - 0 runs, 0 hits, 0 errors, 0 left on base; San Jose 1 - Springfield 1 |
TOP OF THE 9TH |
San Jose Giants batting - Pitching for Springfield Cardinals : RHP Bill Tulk
|
Now in LF: Fortunato Fteira
|
|
Batting: RHB Dinand Brouwer
|
0-0: Foul Ball, location: 2F 0-1: Foul Ball, location: 2F 0-2: Ball 1-2: Ball 2-2: Ground out 5-3 (Groundball, 56, EV 86.9 MPH)
|
Batting: LHB Pong-keun Koh
|
0-0: SINGLE (Groundball, 3D, EV 103.1 MPH)
|
Batting: LHB Cesar Arteaga
|
0-0: Ball 1-0: Called Strike 1-1: Ball 2-1: SINGLE (Groundball, 13, EV 86.2 MPH) (infield hit) Pong-keun Koh to second
|
Batting: LHB Jared Paige
|
0-0: SINGLE (Groundball, 6MD, EV 103.8 MPH) Pong-keun Koh to third Cesar Arteaga to second Runner from 3rd tries for Home, throw by CF and OUT! 8-2 Cesar Arteaga to third Jared Paige to second
|
Batting: LHB Willie Ceniceros
|
0-0: Ball 1-0: Ground out 6-3 (Groundball, 6M, EV 91.9 MPH)
|
Top of the 9th over - 0 runs, 3 hits, 0 errors, 2 left on base; San Jose 1 - Springfield 1 |
BOTTOM OF THE 9TH |
Springfield Cardinals batting - Pitching for San Jose Giants : LHP Gael Greene
|
Pitching: RHP Lorenzo de Jesus
|
|
Batting: LHB Ronnie Ashley
|
0-0: Ball 1-0: Foul Ball, location: 2F 1-1: Swinging Strike 1-2: Ball 2-2: Foul Ball, location: 2F 2-2: Foul Ball, location: 2F 2-2: Ground out 4-3 (Groundball, 34, EV 105.6 MPH)
|
Batting: RHB Joe Alley
|
0-0: Foul Ball, location: 2F 0-1: Ball 1-1: Ball 2-1: Ball 3-1: Swinging Strike 3-2: Strikes out swinging
|
Batting: RHB Tyler Walker
|
0-0: Swinging Strike 0-1: Called Strike 0-2: Ball 1-2: Strikes out swinging
|
Bottom of the 9th over - 0 runs, 0 hits, 0 errors, 0 left on base; San Jose 1 - Springfield 1 |
TOP OF THE 10TH |
San Jose Giants batting - Pitching for Springfield Cardinals : RHP Bill Tulk
|
Pitching: RHP Pabiyan Vetlitsky
|
|
Batting: LHB Tony Galvan
|
0-0: Ball 1-0: SINGLE (Groundball, 5D, EV 108.1 MPH)
|
Batting: RHB Adam Solesbee
|
0-0: Ball 1-0: SINGLE (Line Drive, 3D, EV 94.4 MPH) Tony Galvan to second Runner from 2nd tries for 3rd, SAFE, throw by RF made to third
|
Batting: RHB Yutaka Oki
|
0-0: Foul Ball, location: 2F 0-1: SINGLE (Groundball, 4M, EV 106.9 MPH) Tony Galvan scores Adam Solesbee to second
|
Pinch Runner at 2nd David Barona:
|
|
Batting: RHB Justin Baldwin
|
0-0: Fly out, F5 (Line Drive, 5, EV 70.0 MPH) Lined into DP, 5-4 (Line Drive, 5, EV 74.4 MPH)
|
Batting: RHB Dinand Brouwer
|
0-0: Foul Ball, location: 2F 0-1: Swinging Strike 0-2: Strikes out swinging
|
Top of the 10th over - 1 run, 3 hits, 0 errors, 1 left on base; San Jose 2 - Springfield 1 |
BOTTOM OF THE 10TH |
Springfield Cardinals batting - Pitching for San Jose Giants : RHP Lorenzo de Jesus
|
Now at 1B: Dinand Brouwer
|
|
Now at 3B: Nick Wicker
|
|
Batting: RHB Justin Reich
|
0-0: Ball 1-0: Called Strike 1-1: Foul Ball, location: 2F 1-2: Foul Ball, location: 2F 1-2: Ball 2-2: Ball 3-2: DOUBLE (Flyball, 89XD, EV 98.8 MPH)
|
Batting: RHB Immel Kamuzu
|
0-0: Called Strike 0-1: Bunted foul 0-2: Ground out 6-3 (Groundball, 6M, EV 76.2 MPH) Justin Reich to third
|
Batting: RHB Tommy Tracy
|
0-0: Swinging Strike 0-1: Fly out, F8 (Flyball, 78M, EV 92.5 MPH) Runner from 3rd tags up, OUT at HOME! 8-2
|
Bottom of the 10th over - 0 runs, 1 hit, 0 errors, 0 left on base; San Jose 2 - Springfield 1 |
|